 Dungeon Crawl Stone Soup version 0.25.0-46-gbd7b0854d2 (webtiles) character file.

Game seed: 11533442807805402800

2912 H0rd4k the Covert (level 9, -2/60 (61) HPs)
             Began as an Octopode Transmuter on July 17, 2020.
             Was an Initiate of Gozag.
             Succumbed to a killer bee's poison
             ... on level 8 of the Dungeon.
             The game lasted 00:22:07 (10808 turns).

H0rd4k the Covert (Octopode Transmuter)            Turns: 10808, Time: 00:22:07

HP:   -2/60 (61)    AC:  1    Str: 10 (11) XL:     9   Next: 78%
MP:   4/4           EV: 14    Int: 19      God:    Gozag
Gold: 304           SH:  0    Dex:  6 (12) Spells: 0/14 levels left

rFire    . . .     SeeInvis +   D - +7 rapier of Kindness {antimagic, rC+ SInv Stlth+}
rCold    + + .     Gourm    .   (no shield)
rNeg     + . .     Faith    .   (helmet restricted)
rPois    .         Spirit   .   j - amulet of magic regeneration
rElec    .         Reflect  .   n - ring of positive energy
rCorr    .         Harm     .   o - ring of protection from cold
MR       .....                  (no ring)
Stlth    +++++.....             (no ring)
HPRegen  0.20/turn              (no ring)
MPRegen  0.34/turn              (no ring)
                                (no ring)
                                (no ring)

@: lethally poisoned (-2 -> -32), gold aura
A: almost no armour, stealthy swim, amphibious, 8 rings, constrict 8, tentacle
spike 1, camouflage 1, clever 1, mutation resistance 1, robust 1, gelatinous
body 1
a: Potion Petition, Call Merchant, Bribe Branch, Renounce Religion


You were on level 8 of the Dungeon.
You worshipped Gozag.
Gozag was aware of your devotion.
You were hungry.

You visited 2 branches of the dungeon, and saw 9 of its levels.
You also visited: Ossuary.

You collected 450 gold pieces.
You paid 146 gold pieces to Gozag.

Inventory:

Hand Weapons
 y - a +1 hunting sling of freezing
 D - the +7 rapier of Kindness (weapon) {antimagic, rC+ SInv Stlth+}
   (You found it on level 7 of the Dungeon)

   It reduces the magical energy of the wielder, and disrupts the spells and
   magical abilities of those hit.
   Natural abilities and divine invocations are not affected.
   It protects you from cold.
   It lets you see invisible.
   It makes you more stealthy.
 F - a +0 vorpal hunting sling
Missiles
 a - 52 arrows
 f - 11 poisoned darts (quivered)
 C - 3 datura-tipped darts
Magical Staves
 p - an uncursed staff of energy
Jewellery
 h - an uncursed amulet of guardian spirit {unknown}
 j - an amulet of magic regeneration (around mantle)
 n - a ring of positive energy (left tentacle)
 o - a ring of protection from cold (right tentacle)
 z - an uncursed amulet of the acrobat {unknown}
 H - an uncursed ring of fire {unknown}
Wands
 s - a wand of paralysis (9)
 t - a wand of clouds (3)
 u - a wand of polymorph (10)
 v - a wand of flame (26)
 B - a wand of iceblast (5)
Scrolls
 b - 2 scrolls of noise
 d - a scroll of holy word
 e - 7 scrolls of remove curse
 g - 3 scrolls of random uselessness
 k - 7 scrolls of identify
 l - 5 scrolls of enchant armour
 m - a scroll of fear
 q - 2 scrolls of enchant weapon
 r - 3 scrolls of amnesia {unknown}
 w - a scroll of blinking
 x - a scroll of immolation {unknown}
 E - 2 scrolls of fog {unknown}
Potions
 A - 2 potions of berserk rage
Comestibles
 c - 12 rations


   Skills:
 + Level 3.0 Fighting
 + Level 3.2 Short Blades
 + Level 1.3 Throwing
 + Level 4.8 Dodging
 + Level 8.1 Stealth
 + Level 7.9 Unarmed Combat
 * Level 3.4 Spellcasting
 * Level 3.0 Transmutations
 + Level 3.3 Ice Magic
 + Level 4.1 Poison Magic
 + Level 0.5 Evocations


You couldn't memorise any spells.
You knew the following spells:

 Your Spells              Type           Power        Failure   Level  Hunger
a - Beastly Appendage     Tmut           ##....       4%          1    None
b - Sticks to Snakes      Tmut           ##......     6%          2    ##.....
c - Spider Form           Tmut/Pois      ###.......   10%         3    ###....
d - Ozocubu's Armour      Chrm/Ice       #.......     22%         3    ###....
e - Blade Hands           Tmut           ##........   75%         5    ######.

Your spell library contained the following spells:

 Spells                   Type           Power        Failure   Level  Hunger
 Freeze                   Ice            ###.         3%          1    None
 Frozen Ramparts          Ice            ###...       11%         3    ###....
 Ice Form                 Ice/Tmut       ###.....     36%         4    ####...
 Hailstorm                Conj/Ice       #.......     58%         4    ####...
 Summon Ice Beast         Ice/Summ       #.......     58%         4    ####...


Dungeon Overview and Level Annotations

Branches:
Dungeon (8/15)             Temple (1/1) D:6         Ossuary (visited)
   Lair: D:8-11

Altars:
Cheibriados
Fedhas
Gozag
Hepliaklqana
Nemelex Xobeh
Qazlal
Sif Muna
Yredelemnul
Zin
The Shining One

Annotations:
D:1 exclusion: downstairs
D:2 exclusions: centaur and downstairs
D:3 exclusion: downstairs
D:5 exclusion: downstairs
D:7 exclusion: 2 killer bees


Innate Abilities, Weirdness & Mutations

You cannot wear most types of armour.
You are very stealthy in the water. (Stealth+)
You are amphibious.
You can wear up to eight rings at the same time.
You can use your tentacles to constrict eight enemies at once.
Your skin changes colour to match your surroundings (Stealth+).
Your rubbery body absorbs attacks. (AC +1, EV +1)
One of your tentacles bears a spike.
Your mind is acute. (Int +2)
You are somewhat resistant to further mutation.
You are robust. (+10% HP)


Message History

You feel sick. The killer bee stings you.
* * * LOW HITPOINT WARNING * * *
You are more poisoned.
The killer bee poisons you! The killer bee stings you.
* * * LOW HITPOINT WARNING * * *
You are more poisoned.
The killer bee poisons you!
You hit the killer bee.
You kill the killer bee!
Your Transmutations skill increases to level 3!
* * * LOW HITPOINT WARNING * * *
You feel very sick.
The orc wizard gestures wildly while chanting.
The orc wizard flickers and vanishes for a moment.
Okay, then.
Unknown command.
You feel strangely stable.
You feel magically purged.
You die...
Your body crumbles into a pile of gold.

## ###.## $ #....##
### #.###.## ... #.#
#..# $ #.# #.###.##
#.# #.....#####
#<###....##o$@#
#..........o####
#####........o.#
#.......>.#.#.##.#
>......%....)..y o.
.........##.###.oo##
#.######.##.# #o## #
#.##.# y# #.##.# #


You could see an orc priest and an orc wizard (invisible).

Vanquished Creatures
  Joseph (D:7)
  Prince Ribbit (D:7)
  Sigmund (D:2)
  2 sky beasts
  A phantom (D:4)
  A necrophage (D:6)
  3 ogres
  Blork the orc (D:6)
  4 bullfrogs
  3 scorpions
  A killer bee (D:8)
  3 wights (D:6)
  2 howler monkeys (D:7)
  A centaur zombie (Ossuary)
  A crimson imp (D:4)
  3 quasits
  A hound (D:7)
  2 orc priests
  A bullfrog skeleton (D:4)
  2 jellies
  2 iguanas
  7 worker ants
  A hound zombie (D:7)
  A hound skeleton (D:5)
  A worker ant zombie (D:7)
  7 gnolls
  12 adders
  A shadow imp (D:3)
  An ooze (D:4)
  2 adder zombies (Ossuary)
  2 worms
  4 dart slugs
  2 leopard geckos (D:3)
  22 orcs
  A ball python (D:2)
  7 giant cockroaches
  10 goblins
  3 hobgoblins
  18 jackals
  4 quokkas
  2 ball python skeletons (Ossuary)
  7 bats
  6 frilled lizards
  A hobgoblin skeleton (Ossuary)
  3 hobgoblin zombies (Ossuary)
  10 kobolds
  A kobold zombie (Ossuary)
  A quokka skeleton (D:6)
  8 rats
  A plant (D:1)
183 creatures vanquished.

Notes
Turn   | Place    | Note
-------+----------+-------------------------------------------
     0 | D:1      | H0rd4k the Octopode Transmuter began the quest for the Orb.
     0 | D:1      | Reached XP level 1. HP: 13/13 MP: 3/3
   137 | D:1      | Reached XP level 2. HP: 10/18 MP: 5/5
   631 | D:1      | Reached XP level 3. HP: 16/23 MP: 4/6
   636 | D:1      | Reached skill level 1 in Stealth
  1367 | D:2      | Noticed Sigmund
  1376 | D:2      | Killed Sigmund
  1376 | D:2      | Reached skill level 3 in Stealth
  1376 | D:2      | Reached XP level 4. HP: 11/28 MP: 5/7
  1376 | D:2      | Reached XP level 5. HP: 13/33 MP: 5/8
  1816 | D:2      | Reached XP level 6. HP: 38/38 MP: 7/9
  2077 | D:2      | Found a snail-covered altar of Cheibriados.
  2722 | D:2      | Reached skill level 4 in Stealth
  2894 | D:3      | Reached skill level 5 in Unarmed Combat
  4125 | D:4      | Learned a level 2 spell: Sticks to Snakes
  4129 | D:4      | Learned a level 3 spell: Spider Form
  4142 | D:4      | Noticed a phantom
  4192 | D:5      | Entered Level 5 of the Dungeon
  4318 | D:4      | Found a sand-covered staircase.
  4324 | Ossuary  | Entered an ossuary
  4514 | Ossuary  | Reached XP level 7. HP: 44/44 MP: 11/11
  4612 | Ossuary  | Noticed a flying skull
  4612 | Ossuary  | Noticed a wraith
  4619 | Ossuary  | Noticed a flying skull
  4621 | Ossuary  | Noticed a flying skull
  4644 | Ossuary  | Noticed a flying skull
  4651 | Ossuary  | Noticed a wraith
  4679 | Ossuary  | HP: 1/44 [wraith (3)]
  4686 | Ossuary  | Gained mutation: One of your tentacles bears a spike.
                  | [potion of mutation]
  4686 | Ossuary  | Gained mutation: You are robust. (+10% HP) [potion of
                  | mutation]
  4686 | Ossuary  | Gained mutation: Your mind is acute. (Int +2) [potion of
                  | mutation]
  4686 | Ossuary  | Gained mutation: You are somewhat resistant to further
                  | mutation. [potion of mutation]
  4689 | Ossuary  | Noticed a wraith
  5665 | D:4      | Reached skill level 5 in Stealth
  6155 | D:4      | Reached skill level 6 in Stealth
  6155 | D:4      | Reached XP level 8. HP: 55/55 MP: 12/12
  6498 | D:5      | Found a sparkling altar of Nemelex Xobeh.
  6584 | D:5      | Found a glowing golden altar of the Shining One.
  6586 | D:5      | Found a blossoming altar of Fedhas.
  6906 | D:5      | Learned a level 3 spell: Ozocubu's Armour
  7432 | D:6      | Reached skill level 1 in Poison Magic
  7434 | D:6      | Reached skill level 1 in Ice Magic
  7561 | D:6      | Reached skill level 1 in Throwing
  7772 | D:6      | Found a basalt altar of Yredelemnul.
  8319 | D:6      | Reached XP level 9. HP: 27/58 MP: 14/14
  8548 | D:7      | Reached skill level 7 in Stealth
  8562 | D:7      | Learned a level 5 spell: Blade Hands
  8837 | D:7      | Got a warped rapier
  8838 | D:7      | Identified the +7 rapier of Kindness {antimagic, rC+ SInv
                  | Stlth+} (You found it on level 7 of the Dungeon)
  8991 | D:7      | Noticed Prince Ribbit
  9005 | D:7      | Killed Prince Ribbit
  9164 | D:7      | Noticed Joseph
  9224 | D:7      | Killed Joseph
  9224 | D:7      | Reached skill level 1 in Short Blades
 10390 | D:6      | Reached skill level 8 in Stealth
 10492 | D:6      | Noticed Blork the orc
 10496 | D:6      | Killed Blork the orc
 10500 | D:6      | Found a shimmering blue altar of Sif Muna.
 10644 | D:6      | Found a staircase to the Ecumenical Temple.
 10650 | Temple   | Entered the Ecumenical Temple
 10688 | Temple   | Became a worshipper of Gozag Ym Sagoz the Greedy
 10806 | D:8      | HP: 3/60 [killer bee (3)]
 10807 | D:8      | HP: 1/60 [poisoned by a killer bee]
 10808 | D:8      | Succumbed to a killer bee's poison

Illustrated notes

Levels and vault maps discovered:
D:1:      minmay_arrival_stair_chambers, layout_loops_ring,
          lexackson_kobold_supper
D:2:      layout_basic, nicolae_overflow_hidden_temple, first_ration,
          uniq_sigmund
D:3:      wander_river, layout_basic
D:4:      layout_cave_pods, nicolae_ossuary_entry_plus, minmay_bent
D:5:      layout_cave_pods, minitemple, basic_altar,
          minmay_misc_feat_four_crosses, corexii_item_surrounded_by_moat
D:6:      layout_loops_ring, tgw_sif, temple_green, basic_altar,
          minmay_misc_feat_iff
D:7:      layout_loops_ring, uniq_joseph, uniq_prince_ribbit1
D:8:      minmay_inner_zag, layout_loops_ring
Temple:   dpeg_five_rooms_temple

Skill      XL: |  1  2  3  4  5  6  7  8  9 |
---------------+----------------------------+-----
Stealth        | 3 4 6 8 |  8.1
Unarmed Combat | 4 5 6 7 |  7.9
Dodging        | 3 4 |  4.8
Spellcasting   | 3 |  3.4
Fighting       | 2 3 |  3.0
Poison Magic   | 2 4 |  4.1
Ice Magic      | 2 3 |  3.3
Throwing       | 1 |  1.3
Short Blades   | 3 |  3.2
Transmutations | 3 |  3.0
Evocations     | |  0.5

Action                   |  1- 3 |  4- 6 |  7- 9 || total
-------------------------+-------+-------+-------++-------
Melee: Unarmed           |    73 |   157 |   247 ||   477
       Constrict         |    18 |    44 |    49 ||   111
       Tentacles         |    19 |    24 |    37 ||    80
       Kick              |     4 |    23 |    56 ||    83
       Punch             |     2 |     5 |     5 ||    12
       Rapier            |       |       |    62 ||    62
Throw: Dart              |       |     3 |    17 ||    20
 Cast: Beastly Appendage |     4 |    18 |     3 ||    25
       Spider Form       |       |       |     3 ||     3
       Sticks to Snakes  |       |       |     1 ||     1
Evoke: Wand              |       |       |     5 ||     5
  Use: Scroll            |     1 |       |     9 ||    10
       Potion            |       |       |    10 ||    10
 Stab: Sleeping          |     5 |    12 |    31 ||    48
       Distracted        |       |       |     1 ||     1
  Eat: Chunk             |     1 |    10 |    20 ||    31
Armor: Skin              |     6 |    15 |    16 ||    37
Dodge: Dodged            |    36 |   125 |   202 ||   363
